cohdb
Replays
Latest Replays
All Replays
Popular Replays
Top Player Replays
Match Explorer
How It Works
Community
CoH3 Stats
Reddit
Sign in to upload your games and track your stats! →
Sign in with Steam
Match 46586760
Unlisted
Match 46586760
Overview
Messages
Build Orders
End
Kettenkrad Recon Vehicle
Construct Infanterie Kompanie
Selects Breakthrough Battlegroup
Selects Assault Grenadiers
Grenadier Squad
MG 42 Machine Gun Team
Grenadier Squad
GrW 34 Mortar Team
Selects 2.5-tonne Cargo Truck
Pioneer Squad
Construct Panzergrenadier Kompanie
MG 42 Machine Gun Team
Support Elements
StuG III G Assault Gun
Panzergrenadier Squad
Selects Blitzkrieg
Pak 40 Anti-tank Gun Team
Crafty776
HaRdy
Bego
aSIIDemolitionHammer
0
0
Comments
sign in to comment!
No comments posted yet!